PA
NIAGARA FALLS EXPOS @ NEBRASKA PLAINSMEN
07/20/2027
 
TOP OF THE 1ST
Niagara Falls Expos batting - Pitching for Nebraska Plainsmen : LHP Alberto Bahe
Pitching: LHP Alberto Bahe
Batting: SHB Robert La Caze 0-0: Called Strike
0-1: Ball
1-1: Ball
2-1: Foul Ball, location: 2F
2-2: Strikes out swinging
Batting: LHB Kalino Darri 0-0: Foul Ball, location: 2F
0-1: Called Strike
0-2: Ball
1-2: Ball
2-2: Foul Ball, location: 2F
2-2: Strikes out swinging
Batting: RHB José Durán 0-0: Called Strike
0-1: Ball
1-1: Foul Ball, location: 2F
1-2: Foul Ball, location: 2F
1-2: Strikes out swinging
Top of the 1st over - 0 run(s), 0 hit(s), 0 error(s), 0 left on base; Niagara Falls 0 - Nebraska 0
BOTTOM OF THE 1ST
Nebraska Plainsmen batting - Pitching for Niagara Falls Expos : RHP Marnix van Rijn
Pitching: RHP Marnix van Rijn
Batting: RHB Hamilton Swan 0-0: Ground out 6-3 (Groundball, 6)
Batting: LHB Gilberto Moreno 0-0: Called Strike
0-1: Ball
1-1: Fly out, F8 (Flyball, 8RD)
Batting: LHB Lance Antle 0-0: Called Strike
0-1: Ball
1-1: Fly out, F8 (Flyball, 78M)
Bottom of the 1st over - 0 run(s), 0 hit(s), 0 error(s), 0 left on base; Niagara Falls 0 - Nebraska 0
TOP OF THE 2ND
Niagara Falls Expos batting - Pitching for Nebraska Plainsmen : LHP Alberto Bahe
Batting: LHB Júlio Ibarra 0-0: Foul Ball, location: 2F
0-1: Ball
1-1: Foul Ball, location: 2F
1-2: Foul Ball, location: 2F
1-2: Ball
2-2: Ball
3-2: Ground out 4-3 (Groundball, 4)
Batting: LHB Carlos Germán 0-0: Ball
1-0: Swinging Strike
1-1: Called Strike
1-2: Foul Ball, location: 2F
1-2: Ball
2-2: Foul Ball, location: 2F
2-2: Strikes out looking
Batting: LHB Duk-yeo Chin 0-0: Foul Ball, location: 2F
0-1: Ball
1-1: Ball
2-1: Called Strike
2-2: Fly out, F9 (Line Drive, 9)
Top of the 2nd over - 0 run(s), 0 hit(s), 0 error(s), 0 left on base; Niagara Falls 0 - Nebraska 0
BOTTOM OF THE 2ND
Nebraska Plainsmen batting - Pitching for Niagara Falls Expos : RHP Marnix van Rijn
Batting: SHB Keyveat Postell 0-0: SINGLE (Groundball, 3D)
Batting: LHB Pedro García 0-0: Called Strike
0-1: Ball
1-1: Called Strike
1-2: Strikes out swinging
Batting: RHB Harith Karim 0-0: Foul Ball, location: 2F
0-1: SINGLE (Line Drive, 4MD)
Keyveat Postell to second
Batting: SHB José Ángel 0-0: Ball
1-0: Swinging Strike
1-1: Ball
2-1: Foul Ball, location: 2F
2-2: Ball
3-2: Strikes out looking
Batting: SHB Bill Bambridge 0-0: Ball
1-0: Ball
2-0: Ball
3-0: Base on Balls
Keyveat Postell to third
Harith Karim to second
Batting: LHB Michael Cochran 0-0: Ball
1-0: Foul Ball, location: 2F
1-1: Ball
2-1: Called Strike
2-2: Ball
3-2: Strikes out swinging
Bottom of the 2nd over - 0 run(s), 2 hit(s), 0 error(s), 3 left on base; Niagara Falls 0 - Nebraska 0
TOP OF THE 3RD
Niagara Falls Expos batting - Pitching for Nebraska Plainsmen : LHP Alberto Bahe
Batting: SHB Sven Spee 0-0: Called Strike
0-1: Foul Ball, location: 2F
0-2: Ball
1-2: Foul Ball, location: 2F
1-2: Foul Ball, location: 2F
1-2: Ball
2-2: Ball
3-2: DOUBLE (Line Drive, 78M)
Batting: LHB Bartholomew Bailey 0-0: Ball
1-0: Called Strike
1-1: Ball
2-1: Foul Ball, location: 2F
2-2: Foul Ball, location: 2F
2-2: Fly out, F5 (Line Drive, 5L)
Batting: LHB Manuel Núñez 0-0: Called Strike
0-1: Foul Ball, location: 2F
0-2: Ball
1-2: Ground out 4-3 (Groundball, 4D)
Sven Spee to third
Batting: SHB Robert La Caze 0-0: DOUBLE (Line Drive, 78M)
Sven Spee scores
Batting: LHB Kalino Darri 0-0: Foul Ball, location: 2F
0-1: Ball
1-1: Foul Ball, location: 2F
1-2: Foul Ball, location: 2F
1-2: Fly out, F7 (Flyball, 78M)
Top of the 3rd over - 1 run(s), 2 hit(s), 0 error(s), 1 left on base; Niagara Falls 1 - Nebraska 0
BOTTOM OF THE 3RD
Nebraska Plainsmen batting - Pitching for Niagara Falls Expos : RHP Marnix van Rijn
Batting: RHB Hamilton Swan 0-0: Foul Ball, location: 2F
0-1: Ball
1-1: SINGLE (Groundball, 4MD)
Batting: LHB Gilberto Moreno 0-0: Foul Ball, location: 2F
0-1: Called Strike
0-2: Foul Ball, location: 2F
0-2: SINGLE (Flyball, 4MD)
Hamilton Swan to second
Batting: LHB Lance Antle 0-0: Ball
1-0: Ball
2-0: Foul Ball, location: 2F
2-1: Ball
3-1: Base on Balls
Hamilton Swan to third
Gilberto Moreno to second
Batting: SHB Keyveat Postell 0-0: Swinging Strike
0-1: Foul Ball, location: 2F
0-2: Ground out 6-3 (Groundball, 6S)
Hamilton Swan scores
Gilberto Moreno to third
Lance Antle to second
Batting: LHB Pedro García 0-0: Ball
1-0: SINGLE (Line Drive, 8LS)
Gilberto Moreno scores
Lance Antle to third
Runner from 3rd tries for Home, SAFE, no throw
Batting: RHB Harith Karim 0-0: Ball
1-0: Foul Ball, location: 2F
1-1: Ball
2-1: SINGLE (Groundball, 56D)
Pedro García to second
Batting: SHB José Ángel 0-0: Ball
1-0: Ball
Pedro García is caught stealing 3rd base
Harith Karim to second
2-0: Ball
3-0: Base on Balls
Batting: SHB Bill Bambridge 0-0: Swinging Strike
0-1: Ball
1-1: Ball
2-1: TRIPLE (Flyball, 78D)
Harith Karim scores
José Ángel scores
Batting: LHB Michael Cochran 0-0: Swinging Strike
0-1: Ball
1-1: Swinging Strike
1-2: 2-RUN HOME RUN (Line Drive, 89XD), Distance : 440 ft
Batting: RHB Hamilton Swan 0-0: Called Strike
0-1: Ball
1-1: Ball
2-1: Ground out 2-3 (Groundball, 2L)
Bottom of the 3rd over - 7 run(s), 6 hit(s), 0 error(s), 0 left on base; Niagara Falls 1 - Nebraska 7
TOP OF THE 4TH
Niagara Falls Expos batting - Pitching for Nebraska Plainsmen : LHP Alberto Bahe
Batting: RHB José Durán 0-0: Swinging Strike
0-1: Ball
1-1: Ball
2-1: Ball
3-1: Called Strike
3-2: Strikes out swinging
Batting: LHB Júlio Ibarra 0-0: Ball
1-0: Swinging Strike
1-1: DOUBLE (Groundball, 5L)
Batting: LHB Carlos Germán 0-0: Foul Ball, location: 2F
0-1: Ball
1-1: Ball
2-1: Foul Ball, location: 2F
2-2: Foul Ball, location: 2F
2-2: DOUBLE (Groundball, 5L)
Júlio Ibarra scores
Batting: LHB Duk-yeo Chin 0-0: Fly out, F5 (Line Drive, 5S)
Batting: SHB Sven Spee 0-0: Ball
1-0: Foul Ball, location: 2F
1-1: Fly out, F7 (Line Drive, 7)
Top of the 4th over - 1 run(s), 2 hit(s), 0 error(s), 1 left on base; Niagara Falls 2 - Nebraska 7
BOTTOM OF THE 4TH
Nebraska Plainsmen batting - Pitching for Niagara Falls Expos : RHP Marnix van Rijn
Pitching: RHP Selim Ferré
Batting: LHB Gilberto Moreno 0-0: Foul Ball, location: 2F
0-1: Ground out U3 (Groundball, 3)
Batting: LHB Lance Antle 0-0: Swinging Strike
0-1: Ball
1-1: Foul Ball, location: 2F
1-2: DOUBLE (Flyball, 8RM)
Batting: SHB Keyveat Postell 0-0: Foul Ball, location: 2F
0-1: Foul Ball, location: 2F
0-2: Ball
1-2: SINGLE (Flyball, 7S)
Lance Antle to third
Batting: LHB Pedro García 0-0: Ball
1-0: Called Strike
1-1: Ball
2-1: Ball
3-1: Called Strike
3-2: Foul Ball, location: 2F
3-2: Base on Balls
Keyveat Postell to second
Pitching: RHP Benedicto Castellon
Batting: RHB Harith Karim 0-0: Called Strike
0-1: Ground out 5-3 (Groundball, 2L)
Lance Antle scores
Keyveat Postell to third
Pedro García to second
Batting: SHB José Ángel 0-0: Foul Ball, location: 2F
0-1: Swinging Strike
0-2: Strikes out swinging
Bottom of the 4th over - 1 run(s), 2 hit(s), 0 error(s), 2 left on base; Niagara Falls 2 - Nebraska 8
TOP OF THE 5TH
Niagara Falls Expos batting - Pitching for Nebraska Plainsmen : LHP Alberto Bahe
Batting: LHB Bartholomew Bailey 0-0: Ground out 6-3 (Groundball, 6)
Batting: LHB Manuel Núñez 0-0: Fly out, F2 (Popup, 3S)
Batting: SHB Robert La Caze 0-0: SINGLE (Groundball, 6MD)
Batting: LHB Kalino Darri 0-0: Ball
1-0: Called Strike
1-1: Fielders Choice at 2nd, 6-4 (Groundball, 6)
Top of the 5th over - 0 run(s), 1 hit(s), 0 error(s), 0 left on base; Niagara Falls 2 - Nebraska 8
BOTTOM OF THE 5TH
Nebraska Plainsmen batting - Pitching for Niagara Falls Expos : RHP Benedicto Castellon
Batting: SHB Bill Bambridge 0-0: Called Strike
0-1: Ball
1-1: Ball
2-1: Called Strike
2-2: Foul Ball, location: 2F
2-2: Ball
3-2: Strikes out swinging
Batting: LHB Michael Cochran 0-0: Ball
1-0: Ball
2-0: Ball
3-0: Called Strike
3-1: Called Strike
3-2: Foul Ball, location: 2F
3-2: SINGLE (Line Drive, 56D)
Batting: RHB Hamilton Swan 0-0: Ball
1-0: Called Strike
1-1: Ball
Throwing error on steal attempt, E2
Michael Cochran to third
2-1: Ground out U3 (Groundball, 34S)
Michael Cochran scores
Batting: LHB Gilberto Moreno 0-0: Foul Ball, location: 2F
0-1: Ball
1-1: Fly out, F7 (Flyball, 78S)
Bottom of the 5th over - 1 run(s), 1 hit(s), 1 error(s), 0 left on base; Niagara Falls 2 - Nebraska 9
TOP OF THE 6TH
Niagara Falls Expos batting - Pitching for Nebraska Plainsmen : LHP Alberto Bahe
Batting: RHB José Durán 0-0: SINGLE (Line Drive, 4M)
Batting: LHB Júlio Ibarra 0-0: Fly out, F8 (Flyball, 8LM)
Batting: LHB Carlos Germán 0-0: Foul Ball, location: 2F
0-1: Fly out, F9 (Flyball, 89M)
Batting: LHB Duk-yeo Chin 0-0: Ball
1-0: Called Strike
1-1: Ball
2-1: Foul Ball, location: 2F
2-2: Fielders Choice at 2nd, 6-4 (Groundball, 56)
Top of the 6th over - 0 run(s), 1 hit(s), 0 error(s), 0 left on base; Niagara Falls 2 - Nebraska 9
BOTTOM OF THE 6TH
Nebraska Plainsmen batting - Pitching for Niagara Falls Expos : RHP Benedicto Castellon
Batting: LHB Lance Antle 0-0: Swinging Strike
0-1: Ball
1-1: Ball
2-1: Swinging Strike
2-2: Ball
3-2: Fly out, F7 (Flyball, 7)
Batting: SHB Keyveat Postell 0-0: Ball
1-0: Ball
2-0: Called Strike
2-1: SOLO HOME RUN (Flyball, 9LD), Distance : 353 ft
Batting: LHB Pedro García 0-0: Called Strike
0-1: Ground out 4-3 (Groundball, 4)
Batting: RHB Harith Karim 0-0: Fly out, F8 (Flyball, 8RM)
Bottom of the 6th over - 1 run(s), 1 hit(s), 0 error(s), 0 left on base; Niagara Falls 2 - Nebraska 10
TOP OF THE 7TH
Niagara Falls Expos batting - Pitching for Nebraska Plainsmen : LHP Alberto Bahe
Batting: SHB Sven Spee 0-0: Called Strike
0-1: Fly out, F8 (Flyball, 8LS)
Batting: LHB Bartholomew Bailey 0-0: Fly out, F5 (Popup, 5L)
Batting: LHB Manuel Núñez 0-0: Ball
1-0: Called Strike
1-1: SINGLE (Flyball, 8LS)
Batting: SHB Robert La Caze 0-0: Ball
Manuel Núñez is caught stealing 2nd base
Top of the 7th over - 0 run(s), 1 hit(s), 0 error(s), 0 left on base; Niagara Falls 2 - Nebraska 10
BOTTOM OF THE 7TH
Nebraska Plainsmen batting - Pitching for Niagara Falls Expos : RHP Benedicto Castellon
Batting: SHB José Ángel 0-0: Ball
1-0: Called Strike
1-1: Fly out, F2 (Popup, 3S)
Batting: SHB Bill Bambridge 0-0: Foul Ball, location: 2F
0-1: Fly out, F7 (Line Drive, 7)
Batting: LHB Michael Cochran 0-0: Reached on error, E3 (Groundball, 34)
Batting: RHB Hamilton Swan 0-0: Ball
1-0: Fly out, F9 (Flyball, 89S)
Bottom of the 7th over - 0 run(s), 0 hit(s), 1 error(s), 1 left on base; Niagara Falls 2 - Nebraska 10
TOP OF THE 8TH
Niagara Falls Expos batting - Pitching for Nebraska Plainsmen : LHP Alberto Bahe
Now at 3B: José Bravo
Now in LF: Jen-djieh Cheung
Batting: SHB Robert La Caze 0-0: Foul Ball, location: 2F
0-1: Ball
1-1: Ground out 5-3 (Groundball, 5)
Batting: LHB Kalino Darri 0-0: Called Strike
0-1: Ball
1-1: Fly out, F8 (Flyball, 8LM)
Batting: RHB José Durán 0-0: Fly out, F9 (Flyball, 89S)
Top of the 8th over - 0 run(s), 0 hit(s), 0 error(s), 0 left on base; Niagara Falls 2 - Nebraska 10
BOTTOM OF THE 8TH
Nebraska Plainsmen batting - Pitching for Niagara Falls Expos : RHP Benedicto Castellon
Batting: LHB Gilberto Moreno 0-0: Called Strike
0-1: Called Strike
0-2: Ball
1-2: Ball
2-2: Strikes out swinging
Pitching: RHP Tony Moreno
Batting: LHB Lance Antle 0-0: Ball
1-0: Called Strike
1-1: Foul Ball, location: 2F
1-2: Foul Ball, location: 2F
1-2: DOUBLE (Flyball, 89XD)
Batting: SHB Keyveat Postell 0-0: Called Strike
0-1: Called Strike
0-2: Foul Ball, location: 2F
0-2: Ball
1-2: Foul Ball, location: 2F
1-2: SINGLE (Groundball, 56D)
Lance Antle to third
Runner from 3rd tries for Home, SAFE, no throw
Batting: LHB Pedro García 0-0: SINGLE (Line Drive, 78M)
Keyveat Postell to second
Batting: RHB Harith Karim 0-0: Ball
1-0: Foul Ball, location: 2F
1-1: Swinging Strike
1-2: Ball
2-2: Strikes out swinging
Batting: SHB José Ángel 0-0: Ball
1-0: Fielders Choice at 2nd, 4-6 (Groundball, 4)
Bottom of the 8th over - 1 run(s), 3 hit(s), 0 error(s), 1 left on base; Niagara Falls 2 - Nebraska 11
TOP OF THE 9TH
Niagara Falls Expos batting - Pitching for Nebraska Plainsmen : LHP Alberto Bahe
Now at C: José Muñóz
Batting: LHB Júlio Ibarra 0-0: Ball
1-0: Called Strike
1-1: Fly out, F9 (Flyball, 9S)
Pitching: RHP Jim Unknown
Batting: LHB Carlos Germán 0-0: Swinging Strike
0-1: Ball
1-1: Swinging Strike
1-2: Foul Ball, location: 2F
1-2: Strikes out swinging
Batting: LHB Duk-yeo Chin 0-0: Called Strike
0-1: Ground out 4-3 (Groundball, 4)
Top of the 9th over - 0 run(s), 0 hit(s), 0 error(s), 0 left on base; Niagara Falls 2 - Nebraska 11
Saturday, May 26th, 2018 - OOTP Baseball 17.12 Build 75